 Dungeon Crawl Stone Soup version 0.28.0 (webtiles) character file.

Game seed: 17414177587284324748

166 AmazingTV the Sneak (level 5, -3/26 HPs)
             Began as a Spriggan Brigand on June 22, 2022.
             Slain by an orc (4 damage)
             ... on level 4 of the Dungeon.
             The game lasted 00:13:28 (3884 turns).

AmazingTV the Sneak (Spriggan Brigand)              Turns: 3884, Time: 00:13:28

Health: -3/26      AC:  3    Str:  9    XL:     5   Next: 22%
Magic:  6/6        EV: 18    Int: 13    God:
Gold:   153        SH:  0    Dex: 16    Spells: 4/4 levels left

rFire   . . .      SeeInvis +   a - +1 dagger (vamp)
rCold   . . .      Faith    .   (no shield)
rNeg    . . .      Spirit   .   f - +0 robe
rPois   .          Reflect  .   (helmet restricted)
rElec   .          Harm     .   c - +0 cloak
rCorr   .          Rampage  .   (gloves unavailable)
Will    .....                   (boots unavailable)
Stlth   +++.......              (no amulet)
HPRegen 0.08/turn               (no ring)
MPRegen 0.10/turn               (no ring)

@: very quick
A: very small, no large weapons, unfitting armour, see invisible, speed 3
a: no special abilities


You were on level 4 of the Dungeon.
You visited 1 branch of the dungeon, and saw 4 of its levels.

You collected 153 gold pieces.

Inventory:

Hand Weapons
 a - a +1 vampiric dagger (weapon)
 b - a +1 short sword of venom
 q - a +2 dagger
Missiles
 d - 6 poisoned darts (quivered)
 e - 2 curare-tipped darts
 m - 5 boomerangs of dispersal
Armour
 c - a +0 cloak (worn)
 f - a +0 robe (worn)
Jewellery
 n - a ring of magical power
Wands
 t - a wand of paralysis (10)
Scrolls
 g - a scroll of noise {unknown}
 k - a scroll of fear {unknown}
 o - a scroll of teleportation {unknown}
 p - a scroll of blinking {unknown}
 r - a scroll of fog {unknown}
Potions
 h - a potion of attraction {unknown}
 i - a potion of curing {unknown}
 j - a potion of resistance {unknown}
 l - a potion of ambrosia {unknown}
 s - a potion of brilliance {unknown}


   Skills:
 + Level 2.3 Fighting
 + Level 3.1 Short Blades
 + Level 2.8 Throwing
 * Level 4.1 Dodging
 + Level 6.7 Stealth


You had 4 spell levels left.
You didn't know any spells.
Your spell library was empty.

Dungeon Overview and Level Annotations

Branches:
Dungeon (4/15)
 Temple: D:4-7

Altars:
Xom

Annotations:
D:4 Edmund


Innate Abilities, Weirdness & Mutations

You are very small and have problems with some larger weapons.
You are too small for most types of armour.
You have supernaturally acute eyesight. (SInv)
You cover ground extremely quickly. (Speed+++)


Message History

Your Dodging skill increases to level 4!
Things that are here:
a +0 dagger; a +0 robe You start resting.
HP restored.
Edmund shouts!
The orc shouts!
The orc priest shouts!
The orc shouts!
An orc comes into view. It is wielding a +0 flail.
The orc shouts!
You hear a shout! x2
The orc priest miscasts a cantrip.
You see here a +0 spear.
Found a stone staircase leading up.
Found 11 sling bullets.
A goblin comes into view. It is wielding a +0 club.
Edmund says, "A flail is better than a scythe, any day of the week!"
The goblin shouts!
You barely miss the goblin. The goblin completely misses you.
You hit the goblin.
The goblin is poisoned.
The goblin is moderately wounded.
The goblin closely misses you.
You barely miss the goblin.
The goblin is heavily wounded.
The goblin hits you with a +0 club. The goblin hits you but does no damage.
You kill the goblin!
Your +1 short sword of venom stops dripping with poison.
You feel a sense of dread.
a - a +1 vampiric dagger (weapon)
You hit the orc but do no damage. You hit the orc but do no damage.
The orc shouts!
The orc priest invokes the aid of Beogh against you.
Pain shoots through your body! The orc misses you.
You hit the orc but do no damage.
The orc priest invokes the aid of Beogh against you.
Beogh smites you!
* * * LOW HITPOINT WARNING * * *
The orc hits you with a +0 flail.
* * * LOW HITPOINT WARNING * * *
The orc hits you with a +0 dagger.
You die...

.#)..@#..####
#..##.)##....##
##.##..#####@.# .. #.##..#
##.# ... #.##..### #.#
.### .)..###.##....##
#@##o.... ........###.#@.#
#)##ooo# .
#...##.##.###.##.#.# ..
##..(#.##o.@oo.....##
...######>..######.......#
#....#.......## #.......#
#..........###.......#
##...........)........#
#..>...)<....####..####
#............# ##>.#
##.#.........## #...#
#..##.......## ##.#.#


You could see Edmund, an orc priest and 2 orcs.

Vanquished Creatures
  A hound (D:4)
  An orc wizard (D:4)
  Robin (D:2)
  3 adders
  An ufetubus (D:4)
  A worm (D:3)
  A dart slug (D:2)
  2 orcs
  9 ball pythons
  3 bats
  5 endoplasms
  A giant cockroach (D:3)
  14 goblins
  7 hobgoblins
  5 kobolds
  2 frilled lizards
  2 rats
59 creatures vanquished.

Notes
Turn   | Place    | Note
-------+----------+-------------------------------------------
     0 | D:1      | AmazingTV the Spriggan Brigand began the quest for the Orb.
     0 | D:1      | Reached XP level 1. HP: 10/10 MP: 2/2
   273 | D:1      | Reached XP level 2. HP: 15/15 MP: 3/3
   348 | D:1      | Reached skill level 6 in Stealth
   557 | D:2      | Found a shimmering altar of Xom.
   779 | D:2      | Found a faded altar of an unknown god.
   813 | D:2      | Noticed Robin
   942 | D:2      | Reached XP level 3. HP: 18/18 MP: 4/4
  1124 | D:2      | Killed Robin
  2052 | D:3      | Reached XP level 4. HP: 22/23 MP: 5/5
  3524 | D:4      | Reached XP level 5. HP: 26/26 MP: 6/6
  3554 | D:4      | Noticed Edmund
  3883 | D:4      | HP: 1/26 [orc (5)]
  3884 | D:4      | Slain by an orc

Illustrated notes

Levels and vault maps discovered:
D:1:      dpeg_arrival_arbitrary_b, layout_basic
D:2:      layout_loops_ring, basic_ecumenical_altar, basic_altar, uniq_robin
D:3:      layout_basic, grunt_ministairs_15, chequers_serial_rivers_small_b
D:4:      layout_rooms, uniq_edmund

Skill      XL: |  1  2  3  4  5 |
---------------+----------------+-----
Dodging        | 2 3 4 |  4.1
Stealth        | 6 |  6.7
Fighting       | 2 |  2.3
Short Blades   | 3 |  3.1
Throwing       | |  2.8

Action                   |  1- 3 |  4- 6 || total
-------------------------+-------+-------++-------
Melee: Dagger            |    16 |    83 ||    99
       Short sword       |    60 |    38 ||    98
       Punch             |     1 |     2 ||     3
Throw: Dart              |     8 |       ||     8
 Stab: Sleeping          |    11 |     3 ||    14
Armor: Robe              |     5 |    22 ||    27
Dodge: Dodged            |    54 |   118 ||   172
